| TOP OF THE 1ST |
|
Vanderbilt University Commodores batting - Pitching for UCLA Bruins : RHP Justin Swenson
|
|
Pitching: RHP Justin Swenson
|
|
|
Batting: RHB Ben Politi
|
0-0: Ball 1-0: Bunt for hit to 13S - play at first, batter safe!
|
|
Batting: RHB Sam Spohn
|
0-0: Ball 1-0: Ball 2-0: Called Strike 2-1: Foul Ball, location: 2F 2-2: Ball 3-2: Ground out 6-3 (Groundball, 6, EV 83.8 MPH) Ben Politi to second
|
|
Batting: RHB Chris Maul
|
0-0: Called Strike 0-1: Ball 1-1: Ball 2-1: Foul Ball, location: 2F 2-2: Foul Ball, location: 2F 2-2: Ground out 5-3 (Groundball, 56, EV 108.8 MPH)
|
|
Batting: RHB Jeremy Harden
|
0-0: Ball 1-0: Ball 2-0: Called Strike 2-1: Foul Ball, location: 2F 2-2: Foul Ball, location: 2F 2-2: Foul Ball, location: 2F 2-2: Strikes out looking
|
| Top of the 1st over - 0 runs, 1 hit, 0 errors, 1 left on base; Vanderbilt University 0 - UCLA 0 |
| BOTTOM OF THE 1ST |
|
UCLA Bruins batting - Pitching for Vanderbilt University Commodores : RHP Alex Willerton
|
|
Pitching: RHP Alex Willerton
|
|
|
Batting: SHB Jay Gagnon
|
0-0: Ball 1-0: Called Strike 1-1: Called Strike 1-2: Fly out, F6 (Line Drive, 6, EV 73.8 MPH)
|
|
Batting: RHB Robby Hickman
|
0-0: Foul Ball, location: 2F 0-1: Ball 1-1: Foul Ball, location: 2F 1-2: Ball 2-2: Ball 3-2: Fly out, F9 (Flyball, 89M, EV 89.4 MPH)
|
|
Batting: LHB Chris Jackson
|
0-0: Called Strike 0-1: Swinging Strike 0-2: Foul Ball, location: 2F 0-2: Foul Ball, location: 2F 0-2: Fly out, F9 (Line Drive, 9, EV 97.5 MPH)
|
| Bottom of the 1st over - 0 runs, 0 hits, 0 errors, 0 left on base; Vanderbilt University 0 - UCLA 0 |
| TOP OF THE 2ND |
|
Vanderbilt University Commodores batting - Pitching for UCLA Bruins : RHP Justin Swenson
|
|
Batting: LHB Jeremy Robertson
|
0-0: Called Strike 0-1: Ball 1-1: Swinging Strike 1-2: Strikes out swinging
|
|
Batting: RHB Mario Lopez
|
0-0: Ground out 5-3 (Groundball, 5S, EV 75.6 MPH)
|
|
Batting: RHB Chris Bohm
|
0-0: Called Strike 0-1: Ball 1-1: Ball 2-1: Called Strike 2-2: Strikes out swinging
|
| Top of the 2nd over - 0 runs, 0 hits, 0 errors, 0 left on base; Vanderbilt University 0 - UCLA 0 |
| BOTTOM OF THE 2ND |
|
UCLA Bruins batting - Pitching for Vanderbilt University Commodores : RHP Alex Willerton
|
|
Batting: RHB Leo Gonzalez
|
0-0: Swinging Strike 0-1: Ball 1-1: Swinging Strike 1-2: Strikes out swinging
|
|
Batting: RHB German Quiroga
|
0-0: Called Strike 0-1: SINGLE (Groundball, 56, EV 109.4 MPH) (infield hit)
|
|
Batting: RHB Steve Errico
|
0-0: Ball 1-0: Ball 2-0: Foul Ball, location: 2F 2-1: Foul Ball, location: 2F 2-2: Ball 3-2: Fielders Choice at 2nd, 6-4 (Groundball, 6, EV 91.9 MPH)
|
|
Batting: RHB Rusty Trader
|
0-0: Ball 1-0: Ball 2-0: Called Strike 2-1: Foul Ball, location: 2F 2-2: Foul Ball, location: 2F 2-2: Strikes out looking
|
| Bottom of the 2nd over - 0 runs, 1 hit, 0 errors, 1 left on base; Vanderbilt University 0 - UCLA 0 |
| TOP OF THE 3RD |
|
Vanderbilt University Commodores batting - Pitching for UCLA Bruins : RHP Justin Swenson
|
|
Batting: RHB D.J. Cooke
|
0-0: Ball 1-0: Called Strike 1-1: Foul Ball, location: 2F 1-2: Foul Ball, location: 2F 1-2: Ball 2-2: Strikes out swinging
|
|
Batting: RHB Hisao Takei
|
0-0: Foul Ball, location: 2F 0-1: Ball 1-1: SINGLE (Groundball, 5L, EV 100.6 MPH) (infield hit)
|
|
Batting: RHB Ben Politi
|
0-0: Fly out, F7 (Flyball, 78D, EV 81.9 MPH)
|
|
Batting: RHB Sam Spohn
|
0-0: Foul Ball, location: 2F 0-1: Ball 1-1: Ball 2-1: Foul Ball, location: 2F 2-2: Ball 3-2: Fly out, F9 (Flyball, 89D, EV 91.9 MPH)
|
| Top of the 3rd over - 0 runs, 1 hit, 0 errors, 1 left on base; Vanderbilt University 0 - UCLA 0 |
| BOTTOM OF THE 3RD |
|
UCLA Bruins batting - Pitching for Vanderbilt University Commodores : RHP Alex Willerton
|
|
Batting: RHB Eddie Serna
|
0-0: Ball 1-0: Foul Ball, location: 2F 1-1: Foul Ball, location: 2F 1-2: Strikes out swinging
|
|
Batting: RHB Lorenzo Diaz
|
0-0: DOUBLE (Line Drive, 9LD, EV 106.9 MPH)
|
|
Batting: SHB Jay Gagnon
|
0-0: Reached on error, E5 (Groundball, 5L, EV 88.1 MPH) Lorenzo Diaz scores
|
|
Batting: RHB Robby Hickman
|
0-0: Foul Ball, location: 2F 0-1: Ball 1-1: Ball 2-1: Foul Ball, location: 2F 2-2: Strikes out swinging
|
|
Batting: LHB Chris Jackson
|
0-0: Ball 1-0: Ball 2-0: SINGLE (Flyball, 56D, EV 96.2 MPH) Jay Gagnon to third
|
|
Batting: RHB Leo Gonzalez
|
0-0: Called Strike 0-1: Called Strike 0-2: 3-RUN HOME RUN (Flyball, 9D, EV 97.5 MPH), Distance : 376 ft
|
|
Batting: RHB German Quiroga
|
0-0: Foul Ball, location: 2F 0-1: Foul Ball, location: 2F 0-2: Ball 1-2: Strikes out swinging
|
| Bottom of the 3rd over - 4 runs, 3 hits, 1 error, 0 left on base; Vanderbilt University 0 - UCLA 4 |
| TOP OF THE 4TH |
|
Vanderbilt University Commodores batting - Pitching for UCLA Bruins : RHP Justin Swenson
|
|
Batting: RHB Chris Maul
|
0-0: Ball 1-0: Foul Ball, location: 2F 1-1: Ball 2-1: Ball 3-1: Foul Ball, location: 2F 3-2: Foul Ball, location: 2F 3-2: Foul Ball, location: 2F 3-2: Hit by Pitch
|
|
Batting: RHB Jeremy Harden
|
0-0: Ball 1-0: Ball 2-0: Called Strike 2-1: Called Strike 2-2: Foul Ball, location: 2F 2-2: Ball 3-2: Fly out, F7 (Line Drive, 7D, EV 106.9 MPH)
|
|
Batting: LHB Jeremy Robertson
|
0-0: Called Strike 0-1: Called Strike 0-2: Foul Ball, location: 2F 0-2: Fielders Choice at 2nd, 4-6 (Groundball, 4, EV 90.6 MPH)
|
|
Batting: RHB Mario Lopez
|
0-0: Foul Ball, location: 2F 0-1: Foul Ball, location: 2F 0-2: Strikes out swinging
|
| Top of the 4th over - 0 runs, 0 hits, 0 errors, 1 left on base; Vanderbilt University 0 - UCLA 4 |
| BOTTOM OF THE 4TH |
|
UCLA Bruins batting - Pitching for Vanderbilt University Commodores : RHP Alex Willerton
|
|
Batting: RHB Steve Errico
|
0-0: Foul Ball, location: 2F 0-1: Foul Ball, location: 2F 0-2: Fly out, F9 (Flyball, 9D, EV 107.5 MPH)
|
|
Batting: RHB Rusty Trader
|
0-0: SINGLE (Line Drive, 7S, EV 93.1 MPH)
|
|
Batting: RHB Eddie Serna
|
0-0: Called Strike Pickoff Throw by Catcher to First - Out! 0-1: Ball 1-1: DOUBLE (Line Drive, 9LD, EV 113.8 MPH)
|
|
Batting: RHB Lorenzo Diaz
|
0-0: Foul Ball, location: 2F 0-1: Ball 1-1: SINGLE (Line Drive, 6MD, EV 98.1 MPH) Eddie Serna to third
|
|
Batting: SHB Jay Gagnon
|
0-0: Foul Ball, location: 2F 0-1: Ball 1-1: Ball 2-1: SINGLE (Groundball, 4M, EV 103.8 MPH) (infield hit) Eddie Serna scores Lorenzo Diaz to second
|
|
Pitching: RHP Frank Medrano
|
|
|
Batting: RHB Robby Hickman
|
0-0: Ball 1-0: Called Strike 1-1: Ball 2-1: Foul Ball, location: 2F 2-2: Foul Ball, location: 2F 2-2: SINGLE (Line Drive, 8RS, EV 86.2 MPH) Lorenzo Diaz to third Jay Gagnon to second Runner from 3rd tries for Home, SAFE, throw by CF to home
|
|
Batting: LHB Chris Jackson
|
0-0: Ball 1-0: Swinging Strike 1-1: Ball 2-1: Ball 3-1: Foul Ball, location: 2F 3-2: SINGLE (Line Drive, 78M, EV 86.9 MPH) Jay Gagnon to third Robby Hickman to second Jay Gagnon scores Robby Hickman to third
|
|
Batting: RHB Leo Gonzalez
|
0-0: Swinging Strike 0-1: Swinging Strike 0-2: Strikes out looking
|
| Bottom of the 4th over - 3 runs, 6 hits, 0 errors, 2 left on base; Vanderbilt University 0 - UCLA 7 |
| TOP OF THE 5TH |
|
Vanderbilt University Commodores batting - Pitching for UCLA Bruins : RHP Justin Swenson
|
|
Batting: RHB Chris Bohm
|
0-0: Called Strike 0-1: SINGLE (Groundball, 56D, EV 107.5 MPH)
|
|
Batting: RHB D.J. Cooke
|
0-0: Fielders Choice at 2nd, 6-4 (Groundball, 6, EV 81.2 MPH)
|
|
Batting: RHB Hisao Takei
|
0-0: Fly out, F9 (Flyball, 89M, EV 90.0 MPH)
|
|
Batting: RHB Ben Politi
|
0-0: Swinging Strike 0-1: Ball 1-1: Foul Ball, location: 2F 1-2: Foul Ball, location: 2F 1-2: Foul Ball, location: 2F 1-2: Ball 2-2: Strikes out swinging
|
| Top of the 5th over - 0 runs, 1 hit, 0 errors, 1 left on base; Vanderbilt University 0 - UCLA 7 |
| BOTTOM OF THE 5TH |
|
UCLA Bruins batting - Pitching for Vanderbilt University Commodores : RHP Frank Medrano
|
|
Batting: RHB German Quiroga
|
0-0: Ball 1-0: Fly out, F5 (Line Drive, 5, EV 71.2 MPH)
|
|
Batting: RHB Steve Errico
|
0-0: Called Strike 0-1: Foul Ball, location: 2F 0-2: Ball 1-2: Strikes out swinging
|
|
Batting: RHB Rusty Trader
|
0-0: Ball 1-0: Swinging Strike 1-1: Foul Ball, location: 2F 1-2: Foul Ball, location: 2F 1-2: Ball 2-2: Ball 3-2: Foul Ball, location: 2F 3-2: Foul Ball, location: 2F 3-2: Foul Ball, location: 2F 3-2: Ground out 4-3 (Groundball, 4M, EV 101.2 MPH)
|
| Bottom of the 5th over - 0 runs, 0 hits, 0 errors, 0 left on base; Vanderbilt University 0 - UCLA 7 |
| TOP OF THE 6TH |
|
Vanderbilt University Commodores batting - Pitching for UCLA Bruins : RHP Justin Swenson
|
|
Pitching: RHP Armando Berrios
|
|
|
Batting: RHB Sam Spohn
|
0-0: Foul Ball, location: 2F 0-1: Foul Ball, location: 2F 0-2: Ball 1-2: Ball 2-2: Ball 3-2: SINGLE (Flyball, 8RS, EV 85.6 MPH)
|
|
Batting: RHB Chris Maul
|
0-0: Ball 1-0: Called Strike 1-1: Grounds into double play, 5-4-3 (Groundball, 56, EV 100.6 MPH)
|
|
Batting: RHB Jeremy Harden
|
0-0: Foul Ball, location: 2F 0-1: Ball 1-1: Ball 2-1: Foul Ball, location: 2F 2-2: SINGLE (Line Drive, 6MD, EV 101.2 MPH)
|
|
Batting: LHB Jeremy Robertson
|
0-0: Called Strike 0-1: Foul Ball, location: 2F 0-2: Ball 1-2: Foul Ball, location: 2F 1-2: SINGLE (Groundball, 4MD, EV 108.8 MPH) Jeremy Harden to second
|
|
Batting: RHB Mario Lopez
|
0-0: Fly out, F8 (Flyball, 8RS, EV 84.4 MPH)
|
| Top of the 6th over - 0 runs, 3 hits, 0 errors, 2 left on base; Vanderbilt University 0 - UCLA 7 |
| BOTTOM OF THE 6TH |
|
UCLA Bruins batting - Pitching for Vanderbilt University Commodores : RHP Frank Medrano
|
|
Batting: RHB Eddie Serna
|
0-0: Called Strike 0-1: Called Strike 0-2: Ball 1-2: Ball 2-2: Ball 3-2: Strikes out swinging
|
|
Batting: RHB Lorenzo Diaz
|
0-0: Called Strike 0-1: Swinging Strike 0-2: Foul Ball, location: 2F 0-2: Strikes out swinging
|
|
Batting: SHB Jay Gagnon
|
0-0: Ball 1-0: Ball 2-0: Ball 3-0: Base on Balls
|
|
Batting: RHB Robby Hickman
|
0-0: Swinging Strike 0-1: Ball 1-1: Swinging Strike 1-2: Foul Ball, location: 2F 1-2: Ball 2-2: SINGLE (Flyball, 9S, EV 91.2 MPH) Jay Gagnon to second
|
|
Batting: LHB Chris Jackson
|
0-0: Called Strike 0-1: Foul Ball, location: 2F 0-2: Strikes out looking
|
| Bottom of the 6th over - 0 runs, 1 hit, 0 errors, 2 left on base; Vanderbilt University 0 - UCLA 7 |
| TOP OF THE 7TH |
|
Vanderbilt University Commodores batting - Pitching for UCLA Bruins : RHP Armando Berrios
|
|
Batting: RHB Chris Bohm
|
0-0: Foul Ball, location: 2F 0-1: Foul Ball, location: 2F 0-2: Ball 1-2: Ground out U3 (Groundball, 3, EV 104.4 MPH)
|
|
Batting: RHB D.J. Cooke
|
0-0: Ball 1-0: SOLO HOME RUN (Flyball, 78XD, EV 111.9 MPH), Distance : 431 ft
|
|
Batting: RHB Hisao Takei
|
0-0: Ball 1-0: Called Strike 1-1: Ball 2-1: Ball 3-1: Base on Balls
|
|
Batting: RHB Ben Politi
|
0-0: Called Strike 0-1: Fly out, F7 (Flyball, 7LS, EV 76.2 MPH)
|
|
Batting: RHB Sam Spohn
|
0-0: Ball 1-0: Ball 2-0: Foul Ball, location: 2F 2-1: SINGLE (Groundball, 56D, EV 110.0 MPH) Hisao Takei to second
|
|
Batting: RHB Chris Maul
|
0-0: Fly out, F9 (Flyball, 9S, EV 83.1 MPH)
|
| Top of the 7th over - 1 run, 2 hits, 0 errors, 2 left on base; Vanderbilt University 1 - UCLA 7 |
| BOTTOM OF THE 7TH |
|
UCLA Bruins batting - Pitching for Vanderbilt University Commodores : RHP Frank Medrano
|
|
Pitching: RHP Neel Verhelst
|
|
|
Batting: RHB Leo Gonzalez
|
0-0: Swinging Strike 0-1: Ball 1-1: Called Strike 1-2: Ball 2-2: Ball 3-2: Fly out, F7 (Line Drive, 7D, EV 90.0 MPH)
|
|
Batting: RHB German Quiroga
|
0-0: Foul Ball, location: 2F 0-1: Foul Ball, location: 2F 0-2: Ball 1-2: Ground out 4-3 (Groundball, 4, EV 92.5 MPH)
|
|
Batting: RHB Steve Errico
|
0-0: Ball 1-0: Ball 2-0: Ball 3-0: Base on Balls
|
|
Batting: RHB Rusty Trader
|
0-0: Ball 1-0: Called Strike 1-1: Ball 2-1: Swinging Strike 2-2: Foul Ball, location: 2F 2-2: Foul Ball, location: 2F 2-2: Foul Ball, location: 2F 2-2: Foul Ball, location: 2F 2-2: Fly out, F3 (Line Drive, 3, EV 68.1 MPH)
|
| Bottom of the 7th over - 0 runs, 0 hits, 0 errors, 1 left on base; Vanderbilt University 1 - UCLA 7 |
| TOP OF THE 8TH |
|
Vanderbilt University Commodores batting - Pitching for UCLA Bruins : RHP Armando Berrios
|
|
Batting: RHB Jeremy Harden
|
0-0: Ball 1-0: Foul Ball, location: 2F 1-1: Foul Ball, location: 2F 1-2: Ball 2-2: Foul Ball, location: 2F 2-2: Foul Ball, location: 2F 2-2: Ball 3-2: Fly out, F8 (Flyball, 8LD, EV 98.8 MPH)
|
|
Batting: LHB Jeremy Robertson
|
0-0: Foul Ball, location: 2F 0-1: Ball 1-1: Ball 2-1: Swinging Strike 2-2: Ground out 4-3 (Groundball, 4, EV 110.6 MPH)
|
|
Batting: RHB Mario Lopez
|
0-0: Called Strike 0-1: Ball 1-1: DOUBLE (Flyball, 89XD, EV 100.6 MPH)
|
|
Batting: RHB Chris Bohm
|
0-0: Ball 1-0: Foul Ball, location: 2F 1-1: SINGLE (Line Drive, 89S, EV 105.0 MPH) Mario Lopez to third
|
|
Batting: RHB D.J. Cooke
|
0-0: Ball 1-0: Ball 2-0: Called Strike 2-1: SINGLE (Groundball, 56, EV 108.1 MPH) (infield hit) Mario Lopez scores Chris Bohm to second
|
|
Pitching: RHP Daniel Boulter
|
|
|
Batting: RHB Hisao Takei
|
0-0: Swinging Strike 0-1: Foul Ball, location: 2F 0-2: Ball 1-2: Ball 2-2: Foul Ball, location: 2F 2-2: Foul Ball, location: 2F 2-2: Ball 3-2: Base on Balls Chris Bohm to third D.J. Cooke to second
|
|
Batting: RHB Ben Politi
|
0-0: Ball 1-0: Fly out, F7 (Flyball, 7LM, EV 87.5 MPH)
|
| Top of the 8th over - 1 run, 3 hits, 0 errors, 3 left on base; Vanderbilt University 2 - UCLA 7 |
| BOTTOM OF THE 8TH |
|
UCLA Bruins batting - Pitching for Vanderbilt University Commodores : RHP Neel Verhelst
|
|
Batting: RHB Eddie Serna
|
0-0: Called Strike 0-1: Swinging Strike 0-2: Ball 1-2: SINGLE (Groundball, 4MS, EV 73.8 MPH) (infield hit)
|
|
Batting: RHB Lorenzo Diaz
|
0-0: SINGLE (Line Drive, 6MD, EV 104.4 MPH) Eddie Serna to second
|
|
Pitching: RHP Bobby Valenzuela
|
|
|
Batting: SHB Jay Gagnon
|
0-0: Foul Ball, location: 2F 0-1: Ball 1-1: Called Strike 1-2: Foul Ball, location: 2F 1-2: Fly out, F7 (Line Drive, 7, EV 91.2 MPH)
|
|
Batting: RHB Robby Hickman
|
0-0: Foul Ball, location: 2F 0-1: Swinging Strike 0-2: Ball 1-2: Foul Ball, location: 2F 1-2: Ball 2-2: Foul Ball, location: 2F 2-2: Foul Ball, location: 2F 2-2: SINGLE (Groundball, 4MD, EV 100.0 MPH) Eddie Serna to third Lorenzo Diaz to second Runner from 3rd tries for Home, SAFE, throw by CF to home Lorenzo Diaz to third Robby Hickman to second
|
|
Batting: LHB Chris Jackson
|
0-0: Ball 1-0: Foul Ball, location: 2F 1-1: Foul Ball, location: 2F 1-2: Strikes out swinging
|
|
Batting: RHB Leo Gonzalez
|
0-0: Foul Ball, location: 2F 0-1: Called Strike 0-2: Strikes out looking
|
| Bottom of the 8th over - 1 run, 3 hits, 0 errors, 2 left on base; Vanderbilt University 2 - UCLA 8 |
| TOP OF THE 9TH |
|
Vanderbilt University Commodores batting - Pitching for UCLA Bruins : RHP Daniel Boulter
|
|
Batting: RHB Sam Spohn
|
0-0: Ball 1-0: Foul Ball, location: 2F 1-1: Ground out 5-3 (Groundball, 56D, EV 102.5 MPH)
|
|
Batting: RHB Chris Maul
|
0-0: Ball 1-0: SINGLE (Groundball, P, EV 85.0 MPH) (infield hit)
|
|
Batting: RHB Jeremy Harden
|
0-0: Called Strike 0-1: Ball 1-1: Ball 2-1: 2-RUN HOME RUN (Flyball, 9LD, EV 91.2 MPH), Distance : 338 ft
|
|
Batting: LHB Jeremy Robertson
|
0-0: Ball 1-0: Ball 2-0: Ball 3-0: Called Strike 3-1: Called Strike 3-2: Base on Balls
|
|
Batting: RHB Mario Lopez
|
0-0: Called Strike 0-1: Swinging Strike Jeremy Robertson steals 2nd base 0-2: Ball 1-2: DOUBLE (Line Drive, 9LS, EV 110.6 MPH) Jeremy Robertson scores
|
|
Pitching: RHP Xavier Mosley
|
|
|
Batting: RHB Chris Bohm
|
0-0: Ball 1-0: Called Strike 1-1: Foul Ball, location: 2F 1-2: Ball 2-2: Ball 3-2: Fly out, F8 (Flyball, 8RD, EV 98.8 MPH)
|
|
Pinch Hitting: LHB Alberto Carrillo
|
0-0: Called Strike 0-1: Foul Ball, location: 2F 0-2: Strikes out looking
|
| Top of the 9th over - 3 runs, 3 hits, 0 errors, 1 left on base; Vanderbilt University 5 - UCLA 8 |
|